Map: Ascension to Aiur LE

Players

Efud

  • Race: Terran Terran
  • League: Platinum
  • Spawn Location: 11:00

Yata

  • Race: Terran Terran
  • League: Gold
  • Spawn Location: 5:00

asd

  • Race: Protoss Protoss

Myhome

  • Race: Protoss Protoss
  • League: Diamond

VOD

Have the link to the VOD?

Description

Time

  • Played on: Aug. 31, 2017, 9:46 p.m.
  • Length: 16:20
Show
View Real Time Build Order
Export as new Build Order

Efud Terran 

Build Orders:  

Get SALT Encoding   

  12  0:01  SCV  
  13  0:13  SCV  
  14  0:17  Supply Depot  
  14  0:25  SCV  
  15  0:39  SCV  
  15  0:40  Barracks  
  16  0:51  SCV  
  17  1:03  SCV  
  18  1:15  SCV  
  19  1:23  Command Center  
  19  1:28  SCV  
  20  1:33  Marine  
  20  1:39  Refinery  
  21  1:40  SCV  
  22  1:52  SCV  
  23  2:11  Orbital Command  
  23  2:15  Supply Depot  
  23  2:23  Refinery  
  23  2:34  Marine  
  23  2:35  Orbital Command  
  24  2:42  SCV  
  25  2:54  SCV  
  25  2:55  Orbital Command  
  26  2:59  Factory  
  26  3:06  SCV  
  27  3:18  SCV  
  28  3:25  Marine, Bunker  
  28  3:44  Marine  
  28  3:48  SCV x2  
  28  3:54  Factory Tech Lab  
  30  4:00  SCV  
  30  4:01  SCV  
  33  4:08  Barracks Tech Lab  
  32  4:10  Barracks  
  32  4:12  SCV  
  32  4:13  Siege Tank, Barracks x2, SCV  
  37  4:25  SCV x2  
  37  4:27  Engineering Bay  
  39  4:33  Engineering Bay  
  39  4:36  Supply Depot  
  39  4:37  SCV  
  40  4:41  SCV  
  41  4:46  Starport  
  41  4:49  Siege Tank, SCV  
  45  4:53  SCV  
  45  4:56  Supply Depot  
  45  4:58  Supply Depot x2  
  45  4:59  Supply Depot  
  46  5:01  SCV  
  46  5:05  SCV  
  48  5:08  Supply Depot  
  48  5:13  SCV  
  49  5:17  SCV  
  50  5:22  Missile Turret  
  50  5:25  SCV  
  50  5:27  Missile Turret  
  50  5:28  Siege Tank  
  54  5:29  SCV  
  54  5:34  Barracks Reactor  
  55  5:37  SCV  
  55  5:41  SCV  
  57  5:48  Terran Infantry Weapons Level 1  
  57  5:49  Terran Infantry Armor Level 1, SCV  
  58  5:50  Barracks Reactor  
  58  5:52  Barracks Tech Lab  
  58  5:54  Marauder  
  58  5:55  Stimpack  
  58  5:56  SCV  
  61  6:01  SCV  
  62  6:08  SCV  
  63  6:13  SCV  
  63  6:16  Marauder  
  66  6:20  SCV  
  66  6:25  Marauder  
  70  6:26  Marine x2, SCV  
  70  6:32  SCV  
  75  6:36  Barracks  
  75  6:37  Marauder  
  75  6:38  SCV  
  75  6:39  Barracks  
  76  6:44  SCV  
  76  6:46  Marauder  
  79  6:49  Medivac x2  
  83  6:55  Refinery  
  83  6:56  SCV x2  
  85  7:01  Siege Tank  
  85  7:02  Refinery  
  85  7:04  Marine  
  85  7:05  Marine x2  
  85  7:07  Marine  
  93  7:08  SCV  
  93  7:16  Barracks Reactor  
  93  7:22  Marine  
  93  7:29  SCV x2, Marine x3  
  99  7:32  Supply Depot  
  99  7:36  Supply Depot x2  
  99  7:40  Marine  
  99  7:47  Marine x3  
  98  7:55  Viking x2  
  98  7:58  Marine  
  101  8:04  Marine x3  
  104  8:06  Marine x2  
  106  8:13  Barracks Tech Lab x2  
  106  8:16  Marine, SCV x2  
  109  8:22  Marine  
  109  8:23  Marauder x2  
  109  8:24  Marine x2  
  116  8:34  Marine  
  117  8:40  Marine  
  118  8:44  Marauder x2  
  122  8:55  SCV x2  
  124  9:06  Marauder  
  126  9:17  Command Center  
  126  9:28  Armory  
  126  9:30  SCV, Marine  
  126  9:31  Marine  
  126  9:32  Marine  
  126  9:49  Marine x4  
  126  9:50  Marine x2, SCV x2, Marauder  
  126  9:51  Marauder  
  138  10:01  Supply Depot  
  138  10:02  SCV x2  
  138  10:03  Supply Depot  
  140  10:07  Medivac x2, Marine x4  
  140  10:08  Supply Depot, Marine x2  
  140  10:11  Marine, Marauder  
  140  10:13  Supply Depot  
  153  10:14  SCV x2  
  155  10:25  Marine x4  
  155  10:26  Terran Infantry Weapons Level 2, Terran Infantry Armor Level 2, SCV x2, Marine x2  
  163  10:29  Marine  
  163  10:31  Supply Depot  
  163  10:32  Marine  
  165  10:37  Medivac x2  
  169  10:43  Marine x5  
  169  10:44  Marine  
  169  10:47  Marine  
  176  10:50  Marine  
  177  11:01  Marine x6  
  183  11:05  Marine  
  183  11:08  Marine  
  125  11:31  Viking x2  
  124  11:38  Marine  
  124  11:39  Marine x7  
  129  11:55  Starport  
  129  11:56  Marine x2  
  129  11:57  Marine x2  
  129  12:01  Viking x2  
  137  12:20  Terran Ship Weapons Level 1  
  137  12:31  Viking x2  
  131  12:40  Marine x6  
  131  12:41  Marine  
  138  12:49  Orbital Command  
  138  12:54  Viking x2  
  138  12:58  Marine x3  
  144  13:01  Refinery  
  144  13:30  Viking x2  
  113  14:11  Viking x2  
Show
View Real Time Build Order
Export as new Build Order

Yata Terran 

Build Orders:  

Get SALT Encoding   

  12  0:01  Probe (Chrono Boost)  
  13  0:12  Probe (Chrono Boost)  
  14  0:17  Pylon  
  14  0:27  Probe (Chrono Boost)  
  15  0:38  Probe (Chrono Boost)  
  15  0:39  Gateway  
  16  0:45  Assimilator  
  16  0:51  Probe (Chrono Boost)  
  17  1:02  Probe (Chrono Boost)  
  18  1:12  Probe (Chrono Boost)  
  18  1:17  Pylon  
  19  1:23  Probe (Chrono Boost)  
  20  1:26  Cybernetics Core  
  20  1:33  Probe (Chrono Boost)  
  21  1:44  Probe (Chrono Boost)  
  22  1:54  Probe (Chrono Boost)  
  22  1:59  Nexus  
  22  2:03  Warp Gate  
  22  2:07  Mothership Core (Chrono Boost)  
  24  2:11  Adept  
  26  2:22  Assimilator  
  26  2:36  Probe (Chrono Boost)  
  27  2:43  Adept  
  29  2:56  Gateway  
  29  2:58  Gateway  
  29  3:03  Probe (Chrono Boost)  
  30  3:17  Probe (Chrono Boost)  
  30  3:18  Pylon, Probe (Chrono Boost)  
  32  3:20  Adept  
  34  3:28  Probe (Chrono Boost)  
  34  3:32  Stargate  
  37  3:41  Probe (Chrono Boost)  
  37  3:42  Probe (Chrono Boost)  
  37  3:43  Assimilator  
  37  3:47  Assimilator  
  35  3:52  Probe (Chrono Boost)  
  35  3:54  Probe (Chrono Boost)  
  37  3:56  Twilight Council  
  37  3:58  Pylon  
  37  4:02  Probe (Chrono Boost)  
  38  4:07  Probe (Chrono Boost)  
  38  4:09  Adept  
  41  4:18  Adept x2  
  41  4:20  Probe (Chrono Boost)  
  41  4:22  Probe (Chrono Boost)  
  47  4:24  Oracle  
  47  4:31  Probe (Chrono Boost)  
  51  4:34  Probe (Chrono Boost)  
  52  4:42  Resonating Glaives  
  52  4:44  Robotics Facility  
  52  4:49  Pylon  
  52  4:52  Probe (Chrono Boost)  
  54  4:54  Probe (Chrono Boost)  
  54  4:57  Adept  
  56  5:03  Probe (Chrono Boost)  
  56  5:05  Adept  
  59  5:08  Adept  
  63  5:14  Probe (Chrono Boost)  
  63  5:15  Probe (Chrono Boost)  
  64  5:29  Probe (Chrono Boost)  
  64  5:30  Probe (Chrono Boost)  
  65  5:41  Nexus  
  65  5:44  Observer  
  65  5:46  Probe (Chrono Boost)  
  65  5:48  Probe (Chrono Boost)  
  68  5:56  Fleet Beacon  
  68  6:08  Stargate  
  68  6:10  Stargate  
  68  6:13  Templar Archives  
  68  6:35  Forge  
  68  6:37  Protoss Air Weapons Level 1, Warp Prism  
  68  6:39  Forge  
  70  6:40  Cybernetics Core  
  70  6:53  Probe (Chrono Boost)  
  73  6:54  Probe (Chrono Boost)  
  73  6:55  Probe (Chrono Boost)  
  73  7:01  Pylon  
  73  7:04  Pylon, Carrier x2  
  73  7:07  Pylon  
  85  7:15  Carrier  
  85  7:19  Probe x2 (Chrono Boost)  
  85  7:21  Probe (Chrono Boost)  
  94  7:33  Graviton Catapult  
  94  7:42  Assimilator  
  94  7:43  Probe x2 (Chrono Boost)  
  97  7:45  Probe (Chrono Boost)  
  97  7:46  Assimilator  
  97  7:57  Nexus  
  97  8:04  Stargate  
  99  8:06  Probe (Chrono Boost)  
  99  8:07  Probe x2 (Chrono Boost)  
  100  8:18  Carrier  
  99  8:33  Carrier  
  105  8:42  Pylon  
  105  8:44  Pylon  
  105  8:46  Pylon  
  108  8:52  Pylon  
  108  8:53  Psionic Storm  
  108  8:54  Probe (Chrono Boost)  
  109  8:56  Pylon  
  109  9:00  Carrier  
  109  9:01  Pylon  
  109  9:02  Probe x2 (Chrono Boost)  
  117  9:04  Pylon  
  111  9:19  Stalker x2  
  111  9:20  Stalker  
  111  9:23  Carrier  
  115  9:38  Protoss Air Weapons Level 2  
  121  9:47  Protoss Air Armor Level 1  
  121  9:50  Carrier  
  124  9:53  Probe x3 (Chrono Boost)  
  124  10:05  Probe (Chrono Boost)  
  131  10:12  Carrier  
  131  10:27  Nexus  
  137  10:43  Carrier  
  137  10:46  Protoss Shields Level 1  
  137  10:49  Protoss Ground Armor Level 1  
  143  10:53  Assimilator  
  143  10:57  Assimilator  
  141  11:08  Adept  
  141  11:09  Adept x2  
  141  11:11  Carrier  
  103  11:23  Carrier, Probe x3 (Chrono Boost)  
  118  11:44  Carrier  
  118  11:53  Probe x3 (Chrono Boost)  
  121  11:55  Probe (Chrono Boost)  
  128  12:11  Photon Cannon  
  128  12:15  Photon Cannon  
  126  12:19  Photon Cannon  
  126  12:21  Photon Cannon  
  126  12:22  Pylon  
  126  12:24  Pylon  
  126  12:37  Pylon  
  126  12:38  Carrier  
  132  12:46  Protoss Air Weapons Level 3  
  134  12:51  Probe (Chrono Boost)  
  134  12:52  Probe (Chrono Boost)  
  134  12:53  Probe (Chrono Boost)  
  135  13:02  Probe (Chrono Boost)  
  136  13:13  Protoss Air Armor Level 2  
  136  13:16  Observer  
  137  13:22  Protoss Ground Armor Level 2  
  137  13:23  Protoss Shields Level 2  
  137  13:41  Photon Cannon  
  137  13:43  Photon Cannon  
  137  13:44  Probe x3 (Chrono Boost)  
  137  13:45  Probe (Chrono Boost)  
  137  13:47  Photon Cannon  
  135  14:01  Carrier  
  135  14:03  Carrier  
  147  14:20  Assimilator  
  147  14:34  Nexus  
  147  14:36  Carrier  
  147  14:38  Probe x4 (Chrono Boost)  
  151  14:43  Carrier  
  163  15:03  Observer  
  170  15:32  Nexus  
  176  16:07  Assimilator  
  176  16:10  Assimilator  
Show
View Real Time Build Order
Export as new Build Order

asd Protoss 

Build Orders:  

Get SALT Encoding   

Show
View Real Time Build Order
Export as new Build Order

Myhome Protoss 

Build Orders:  

Get SALT Encoding   

Tags
 
Add a new tag
Caveats
  • Supply blocks, unpowered buildings, or Contaminate may cause inaccurate times.
  • Supply counts are checked every 10 seconds.